 Dungeon Crawl Stone Soup version 0.22-a0-443-g17c3723 (webtiles) character file.

1034 Ijustatesigmund the Skirmisher (level 8, -3/87 HPs)
             Began as an Ogre Gladiator on May 31, 2018.
             Was an Initiate of the Shining One.
             Slain by an orc
             ... wielding a +0 short sword
              (7 damage)
             ... on level 5 of the Dungeon.
             The game lasted 00:10:10 (5736 turns).

Ijustatesigmund the Skirmisher (Ogre Gladiator)     Turns: 5736, Time: 00:10:10

Health: -3/87      AC:  5    Str: 19    XL:     8   Next: 24%
Magic:  8/8        EV: 11    Int:  9    God:    the Shining One [......]
Gold:   128        SH:  0    Dex: 12    Spells: 4/7 levels left

rFire    . . .     SeeInvis .   a - +0 flail
rCold    . . .     Gourm    .   (no shield)
rNeg     . . .     Faith    .   b - +0 robe
rPois    .         Spirit   .   c - +2 hat
rElec    .         Reflect  .   (no cloak)
rCorr    .         Harm     .   (gloves unavailable)
MR       .....                  (boots unavailable)
Stlth    +.........             (no amulet)
HPRegen  0.24/turn              d - +1 ring of slaying
MPRegen  0.11/turn              (no ring)

@: berserk cooldown, slowed, glowing, very slow
A: large, unfitting armour, tough skin 1
a: Renounce Religion


You were on level 5 of the Dungeon.
You worshipped the Shining One.
The Shining One was noncommittal.
You were not hungry.

You visited 2 branches of the dungeon, and saw 6 of its levels.

You collected 368 gold pieces.
You spent 240 gold pieces at shops.

Inventory:

Hand Weapons
 a - a +0 flail (weapon)
Armour
 b - a +0 robe (worn)
 c - a +2 hat (worn)
Jewellery
 d - a +1 ring of slaying (left hand)
Wands
 e - a wand of polymorph (15)
Scrolls
 g - a scroll of teleportation
 j - a scroll of identify
Potions
 h - 2 potions of flight
Comestibles
 f - 12 rations


   Skills:
 + Level 7.3 Fighting
 + Level 6.7 Maces & Flails
 - Level 2.0 Throwing
 - Level 3.2 Dodging
 + Level 1.8 Conjurations
 + Level 1.8 Translocations


You had 4 spell levels left.
You knew the following spells:

 Your Spells              Type           Power        Failure   Level  Hunger
a - Magic Dart            Conj           #...         19%         1    ##.....
b - Blink                 Tloc           N/A          28%         2    ###....

Your spell library contained the following spells:

 Spells                   Type           Power        Failure   Level  Hunger
 Conjure Flame            Conj/Fire      #.......     63%         3    ####...
 Slow                     Hex            #.......     52%         2    ###....
 Mephitic Cloud           Conj/Pois/Air  #.......     67%         3    ####...
 Call Imp                 Summ           #.......     52%         2    ###....


Dungeon Overview and Level Annotations

Branches:
Dungeon (5/15)             Temple (1/1) D:4

Altars:
Ashenzari
Cheibriados
Dithmenos
Elyvilon
Fedhas
Gozag
Hepliaklqana
Kikubaaqudgha
Makhleb
Nemelex Xobeh
Okawaru
Qazlal
Ru
Sif Muna
Trog
Uskayaw
Wu Jian
Xom
Yredelemnul
Zin
The Shining One

Shops:
D:4 :


Innate Abilities, Weirdness & Mutations

You are too large for most types of armour.
You have tough skin. (AC +1)


Message History

You are exhausted.
You feel yourself slow down.
You hear some strange, mumbled words.
A puff of frost appears from out of thin air!
The puff of frost misses you.
Okay, then.
You thump something! Something hits you.
* * * LOW HITPOINT WARNING * * *
Something completely misses you.
You hear some strange, mumbled words.
A magic dart appears from out of thin air!
The magic dart hits you!
* * * LOW HITPOINT WARNING * * *
You thump something!
Reactivating autopickup.
You feel a bit more experienced. The orc closely misses you.
You hit the orc.
The orc is severely wounded.
The orc hits you with a short sword!
You die...

........# # #.......†.....
#......# #.#.##.#.######. #
#......# #.#.##.#.## #. #
#.#......###.........# #.
#..#.#.....o.......#....## #.
#.............#.#........# #.
#...##h######.#.#...###..####.
# #.......# #o#.#...<.........
#..#'##.# #@#.#...#....#####
#..... # #.#.#............. #.
... #.#.##............ #.....#
#.#.............#. # ....#
#................. .....#
#######.#########.
#........... ############


You could see an orc.

Vanquished Creatures
  The ghost of derrymb the Poker, an amateur MfGl of Okawaru (D:4)
  A fire bat (D:4)
  An orc warrior (D:5)
  A water moccasin (D:5)
  A centaur (D:2)
  A scorpion (D:4)
  A crimson imp (D:2)
  A hound (D:3)
  3 orc wizards
  An orc priest (D:3)
  3 gnolls (D:2)
  5 adders
  An ooze (D:1)
  A worm (D:2)
  4 dart slugs
  2 leopard geckos
  10 orcs
  A ball python (D:4)
  7 giant cockroaches
  7 goblins
  11 hobgoblins
  7 jackals (D:2)
  11 kobolds
  5 quokkas
  7 bats
  8 frilled lizards
  A quokka skeleton (D:4)
  5 rats
108 creatures vanquished.

Notes
Turn   | Place    | Note
-------+----------+-------------------------------------------
     0 | D:1      | Ijustatesigmund the Ogre Gladiator began the quest for the Orb.
     0 | D:1      | Reached XP level 1. HP: 22/22 MP: 1/1
   173 | D:1      | Reached skill level 3 in Fighting
   173 | D:1      | Reached XP level 2. HP: 19/31 MP: 2/2
  1166 | D:1      | Reached XP level 3. HP: 37/37 MP: 3/3
  1742 | D:2      | Reached XP level 4. HP: 17/48 MP: 4/4
  1755 | D:2      | Reached skill level 4 in Fighting
  2182 | D:2      | Noticed a centaur
  2193 | D:2      | Killed a centaur
  2193 | D:2      | Reached XP level 5. HP: 12/55 MP: 5/5
  2615 | D:2      | Reached skill level 5 in Fighting
  2615 | D:2      | Reached XP level 6. HP: 43/66 MP: 6/6
  3157 | D:3      | Reached skill level 5 in Maces & Flails
  4237 | D:4      | Found a staircase to the Ecumenical Temple.
  4348 | D:4      | Noticed derrymb's ghost (amateur MfGl)
  4355 | D:4      | Reached XP level 7. HP: 65/74 MP: 7/7
  4374 | D:4      | Killed derrymb's ghost
  4374 | D:4      | Reached skill level 6 in Fighting
  4644 | D:4      | Found Owownirap's Book Boutique.
  4652 | D:4      | Bought a book of Minor Magic for 240 gold pieces
  4654 | D:4      | Learned a level 1 spell: Magic Dart
  4657 | D:4      | Learned a level 2 spell: Blink
  4686 | D:4      | Found a transporter.
  4876 | D:4      | Found a transporter.
  4877 | D:4      | Noticed a fire bat
  4983 | D:4      | Killed a fire bat
  4983 | D:4      | Reached skill level 1 in Conjurations
  4983 | D:4      | Reached skill level 1 in Translocations
  5305 | Temple   | Entered the Ecumenical Temple
  5492 | Temple   | Became a worshipper of the Shining One
  5528 | D:5      | Entered Level 5 of the Dungeon
  5561 | D:5      | Reached skill level 7 in Fighting
  5561 | D:5      | Reached XP level 8. HP: 77/87 MP: 8/8
  5734 | D:5      | HP: 3/87 [something/magic dart (3)]
  5736 | D:5      | Slain by an orc

Vault maps used:
D:1:      giann_horns
D:2:      nicolae_underground_beach
D:4:      gammafunk_cloud_chamber, minmay_temple_entry_statues_pillars,
          serial_shops, shop, first_ration
D:5:      minmay_diamond_boxcup, old_standard_altar, uniq_grinder, uniq_ijyb,
          uniq_menkaure
Temple:   minmay_crystal_snake_temple

Skill      XL: |  1  2  3  4  5  6  7 |
---------------+----------------------+-----
Fighting       | 3 4 5 7 |  7.3
Dodging        | 3 |  3.2
Maces & Flails | 3 4 5 6 |  6.7
Conjurations   | 1 |  1.8
Translocations | 1 |  1.8
Throwing       | |  2.0

Action                   |  1- 3 |  4- 6 |  7- 9 || total
-------------------------+-------+-------+-------++-------
Melee: Flail             |   128 |   216 |    79 ||   423
Throw: Throwing net      |     5 |     3 |       ||     8
 Cast: Magic Dart        |       |       |     2 ||     2
  Use: Scroll            |     1 |     7 |     1 ||     9
       Potion            |       |     9 |     3 ||    12
 Stab: Invisible         |       |     2 |       ||     2
  Eat: Chunk             |     3 |     7 |       ||    10
       Ration            |       |     1 |     1 ||     2
Armor: Robe              |    53 |    42 |    31 ||   126
       Skin              |       |     6 |       ||     6
Dodge: Dodged            |    99 |   143 |    48 ||   290

Table legend:
 A = Spawn XP
 B = Non-spawn XP
 C = Spawn XP percentage of total XP
 D = Spawn monster count
 E = Non-spawn monster count
 F = Spawn count percentage of total count
 G = Total turns spent on level
                    A         B        C        D         E        F      G
               +---------+---------+-------+---------+---------+-------+---------
         Total |       0 |    1478 |   0.0 |       0 |     108 |   0.0 |  5736
               +---------+---------+-------+---------+---------+-------+---------
           D:1 |       0 |      54 |   0.0 |       0 |      26 |   0.0 |  1580
           D:2 |       0 |     284 |   0.0 |       0 |      34 |   0.0 |  1349
           D:3 |       0 |     233 |   0.0 |       0 |      31 |   0.0 |  1277
           D:4 |       0 |     582 |   0.0 |       0 |      14 |   0.0 |  1108
           D:5 |       0 |     325 |   0.0 |       0 |       3 |   0.0 |   208
               +---------+---------+-------+---------+---------+-------+---------
